 Dungeon Crawl Stone Soup version 0.31-a0-1616-gbeaec30b81 (webtiles) character file.

Game seed: 13950489637284645326

20411 dorian the Protected (level 12, -10/88 HPs)
             Began as an Armataur Berserker on Jan 10, 2024.
             Was a Priest of Trog.
             Killed from afar by a wretched star (32 damage)
             ... with a lance of force
             ... on level 2 of the Abyss.
             The game lasted 00:30:09 (14790 turns).

dorian the Protected (Armataur Berserker)          Turns: 14790, Time: 00:30:10

Health: -10/88     AC: 15    Str: 21    XL:     12   Next: 45%
Magic:  9/9        EV: 21    Int:  8    God:    Trog [***...]
Gold:   794        SH:  9    Dex: 15    Spells: 11/11 levels left

rFire   . . .        v - +1 morningstar
rCold   + + .        L - +0 kite shield
rNeg    . . .        r - +1 chain mail {rC+}
rPois   .            w - +1 helmet
rElec   +            (no cloak)
rCorr   .            (no gloves)
SInv    .            (no barding)
Will    .....        D - amulet of Fuzium {Acrobat rElec rC+ Str-3} Stlth
                     I - +6 ring of dexterity
HPRegen 0.34/turn    (no ring)
MPRegen 0.11/turn

%: acrobat, roll
@: acrobatic, studying Dodging
A: large, deformed body, tough skin 3, armoured tail, roll 2, [frail 2], [low MP
2], [weak 2], [no potion heal 2], [inability to drink after injury 2],
[inability to read after injury 2], [persistent drain]
a: Renounce Religion, Berserk, Trog's Hand


You were on level 2 of the Abyss.
You worshipped Trog.
Trog was most pleased with you.
You visited 1 branch of the dungeon, and saw 12 of its levels.
You visited the Abyss 3 times.

You collected 822 gold pieces.
You spent 28 gold pieces at shops.

Inventory:

Hand Weapons
 k - a +2 sling of electrocution
 v - a +1 morningstar (weapon)
 y - a +4 mace
Missiles
 d - 75 stones (quivered)
 l - 2 throwing nets
 u - 7 boomerangs
Armour
 r - a +1 chain mail of cold resistance (worn)
 w - a +1 helmet (worn)
 B - +0 acid dragon scales
 E - a +2 hat
 L - a +0 kite shield (worn)
 O - the +1 leather armour of Peek-a-Boo {Regen+ MP+9 Int+3}
   (You found it on level 12 of the Dungeon)

   Int+3:     It affects your intelligence (+3).
   MP+9:      It affects your magic capacity (+9).
   Regen+:    It increases your rate of health regeneration.
Jewellery
 a - a +6 ring of intelligence
 D - the amulet of Fuzium (around neck) {Acrobat rElec rC+ Str-3}
   (You found it on level 10 of the Dungeon)

   [amulet of the acrobat]

   Acrobat:   It increases your evasion while moving and waiting.
   Str-3:     It affects your strength (-3).
   rC+:       It protects you from cold.
   rElec:     It insulates you from electricity.
 G - a ring of ice
 I - a +6 ring of dexterity (left hand)
 Q - a ring of ice
Wands
 m - a wand of roots (21)
 p - a wand of flame (15)
 t - a wand of mindburst (19)
 F - a wand of polymorph (3)
 P - a wand of quicksilver (8)
Scrolls
 b - 5 scrolls of fear
 e - a scroll of revelation
 g - a scroll of butterflies
 j - 7 scrolls of teleportation
 x - 2 scrolls of enchant armour
 z - a scroll of fog
 C - 2 scrolls of immolation
 H - a scroll of vulnerability
 J - a scroll of poison
 N - a scroll of identify
Potions
 c - 3 potions of brilliance
 h - a potion of heal wounds
 i - a potion of attraction
 n - a potion of mutation
 o - a potion of berserk rage
 s - 2 potions of enlightenment
 A - a potion of resistance
 K - a potion of lignification {unknown}
Miscellaneous
 M - a condenser vane


   Skills:
 + Level 11.4 Fighting
 + Level 11.2 Maces & Flails
 + Level 14.2 Armour
 - Level 1.3 Dodging
 + Level 4.3 Shields


You had 11 spell levels left.
You didn't know any spells.
Your spell library was empty.

Dungeon Overview and Level Annotations

Branches:
Dungeon (12/15)            Temple (0/1) D:5            Lair (0/5) D:11
    Orc (0/2) D:11

Altars:
Elyvilon
Fedhas
Nemelex Xobeh
Okawaru
Ru
Trog
Vehumet
The Shining One

Shops:
D:2 =   D:4 ?   D:5 [   D:7 *

Annotations:
D:10 3 runed translucent doors, Sapher's ghost, amateur SpDe


Innate Abilities, Weirdness & Mutations

Armour fits poorly on your strangely shaped body.
You have extremely tough skin. (AC +3)
You have a long armoured tail.
You regenerate magic and health when rolling toward enemies. (Rampage Regen)
[You are very frail. (-20% HP)]
[Your magical capacity is very low. (-20% MP)]
[You are very weak. (Str -4)]
[Potions cannot restore your health.]
[You sometimes lose the ability to drink potions when taking damage.]
[You sometimes lose the ability to read scrolls when taking damage.]
[Your health recovers twice as slowly from being drained.]


Message History

You hit the wretched star.
The wretched star is heavily damaged.
You barely miss the wretched star.
The wretched star is heavily damaged.
You barely miss the wretched star.
The wretched star is heavily damaged.
The wretched star pulses with an eldritch light!
You begin to recover more slowly from draining effects.
Your system partially rejects the healing effects of potions.
Your system completely rejects the healing effects of potions.
You hit the wretched star.
The wretched star is heavily damaged.
The wretched star glows turbulently.
The lance of force hits you!!
You are knocked back by the lance of force.
You slam into the stone wall!
You roll towards the wretched star!
The wretched star pulses with an eldritch light!
You occasionally lose the ability to drink potions when taking damage.
You lose the ability to drink potions when taking damage more often.
You hit the wretched star but do no damage.
The wretched star is heavily damaged.
The wretched star pulses with an eldritch light!
You feel less energetic. x2; You feel weaker. x2
You thump the wretched star!
The wretched star is severely damaged.
You hit the wretched star but do no damage.
Your tail-slap misses the wretched star.
The wretched star is severely damaged.
You thump the wretched star!
The wretched star is severely damaged.
The wretched star glows turbulently.
The lance of force hits you!
* * * LOW HITPOINT WARNING * * *
You are knocked back by the lance of force.
You slam into the stone wall!
* * * LOW HITPOINT WARNING * * *
The wretched star glows turbulently.
The lance of force hits you!!
You die...

..#........##..
...
.#..........# ..
.#
#..#........#..
.. .
#.........#....
. .
#.#.......#.#...
.
.##....*......##
.
#..............
.
##.#...........
.#.###@#..##..#
## #.##### ..
#.# # #.# #. . #


You could see a wretched star.

Vanquished Creatures
  Gastronok (D:10)
  A yellow draconian (Abyss:2)
  A boulder beetle (D:11)
  A centaur warrior (D:9)
  3 two-headed ogres
  3 occultists (D:12)
  2 arcanists (D:12)
  Pikel (D:7)
  2 deep elf zephyrmancers (D:12)
  2 ugly things
  An orc sorcerer (D:12)
  2 gargoyles
  2 unseen horrors
  2 kobold demonologists
  A tengu conjurer (D:12)
  2 trolls
  Prince Ribbit (D:7)
  A hornet (D:10)
  3 wyverns (D:11)
  A wraith (D:9)
  12 yaks
  2 basilisks
  A steam dragon (D:9)
  2 vampire mosquitoes (D:11)
  Menkaure (D:4)
  6 water moccasins
  3 acid dragons
  2 ice beasts (D:6)
  3 sky beasts
  2 centaurs
  3 lemures
  A phantom (D:5)
  3 kobold brigands
  A gnoll sergeant (D:11)
  4 bullfrogs
  3 scorpions
  8 wights (D:7)
  A troll skeleton (D:11)
  5 killer bees (D:11)
  6 spriggan skeletons (D:11)
  A bombardier beetle (D:3)
  A gnoll bouda (D:6)
  6 orc priests
  2 hounds
  3 jellies
  Crazy Yiuf (D:7)
  2 iguanas
  Natasha (thrice) (D:2)
  12 orc wizards
  15 gnolls
  8 adders
  3 white imps
  3 dart slugs
  A ribbon worm (D:2)
  39 orcs
  4 bats
  4 endoplasms
  5 giant cockroaches
  8 hobgoblins
  3 jackals
  23 kobolds
  3 quokkas
  5 ball pythons
  5 frilled lizards
  10 goblins
  5 rats
277 creatures vanquished.

Vanquished Creatures (others)
  An occultist (D:12)
1 creature vanquished.

Grand Total: 278 creatures vanquished

Notes
Turn   | Place    | Note
-------+----------+-------------------------------------------
     0 | D:1      | dorian the Armataur Berserker began the quest for the Orb.
     0 | D:1      | Reached XP level 1. HP: 18/18 MP: 1/1
   142 | D:1      | Reached XP level 2. HP: 25/25 MP: 2/2
   353 | D:1      | Reached skill level 3 in Armour
   666 | D:1      | Reached XP level 3. HP: 26/31 MP: 3/3
   778 | D:1      | Reached ** piety under Trog
   986 | D:2      | Noticed Natasha
  1008 | D:2      | Killed Natasha
  1009 | D:2      | Reached XP level 4. HP: 38/38 MP: 4/4
  1044 | D:2      | Noticed Natasha
  1052 | D:2      | Killed Natasha
  1115 | D:2      | Found Zaelat's Jewellery Shoppe.
  1477 | D:2      | Noticed Natasha
  1483 | D:2      | Killed Natasha
  1484 | D:2      | Reached skill level 4 in Armour
  1761 | D:2      | Reached XP level 5. HP: 46/46 MP: 5/5
  2420 | D:3      | Found a glowing golden altar of the Shining One.
  2437 | D:3      | Reached XP level 6. HP: 51/52 MP: 6/6
  2899 | D:4      | Reached *** piety under Trog
  2900 | D:4      | Reached skill level 5 in Armour
  2954 | D:4      | Found a bloodstained altar of Trog.
  2961 | D:4      | Found a radiant altar of Vehumet.
  3544 | D:4      | Noticed Menkaure
  3553 | D:4      | Killed Menkaure
  3554 | D:4      | Gained mutation: You regenerate magic and health when
                  | rolling toward enemies. (Rampage Regen) [Armataur growth]
  3554 | D:4      | Reached XP level 7. HP: 60/60 MP: 7/7
  3682 | D:4      | Found Naasiron's Magic Scroll Emporium.
  4173 | D:5      | Entered Level 5 of the Dungeon
  4212 | D:5      | Found a staircase to the Ecumenical Temple.
  4297 | D:5      | Found Gaps's Armour Emporium.
  4320 | D:5      | Reached skill level 5 in Fighting
  4423 | D:5      | Reached skill level 5 in Maces & Flails
  4423 | D:5      | Reached skill level 6 in Armour
  4882 | D:5      | Found a sparkling altar of Nemelex Xobeh.
  4883 | D:5      | Found a sacrificial altar of Ru.
  4884 | D:5      | Found a blossoming altar of Fedhas.
  5216 | D:5      | Reached XP level 8. HP: 69/69 MP: 8/8
  5242 | D:6      | Reached skill level 7 in Armour
  5345 | Abyss:1  | Cast into level 1 of the Abyss (gnoll)
  5381 | D:6      | Escaped the Abyss
  7103 | D:7      | Noticed Pikel
  7114 | D:7      | Killed Pikel
  7115 | D:7      | Reached skill level 8 in Armour
  7115 | D:7      | Reached XP level 9. HP: 57/78 MP: 9/9
  7505 | D:7      | Found a white marble altar of Elyvilon.
  7528 | D:7      | Noticed Prince Ribbit
  7553 | D:7      | Killed Prince Ribbit
  7697 | D:7      | Reached skill level 9 in Armour
  7994 | D:7      | Found a runed translucent door.
  7995 | D:7      | Noticed Crazy Yiuf
  8072 | D:7      | Found Iwnefah's Assorted Antiques.
  8467 | D:7      | Killed Crazy Yiuf
  8545 | D:8      | Found an iron altar of Okawaru.
  8813 | D:8      | Reached skill level 10 in Armour
  9066 | D:8      | Reached XP level 10. HP: 88/88 MP: 10/10
  9250 | D:9      | Noticed a two-headed ogre
  9260 | D:9      | Killed a two-headed ogre
  9472 | D:9      | Noticed a gargoyle
  9481 | D:9      | Killed a gargoyle
  9581 | D:9      | Reached skill level 11 in Armour
  9733 | D:9      | Noticed a centaur warrior
  9755 | D:9      | Killed a centaur warrior
 10387 | D:10     | Entered Level 10 of the Dungeon
 10696 | D:10     | Identified the amulet of Fuzium {Acrobat rElec rC+ Str-3}
 10845 | D:10     | Noticed a two-headed ogre
 10859 | D:10     | Killed a two-headed ogre
 10860 | D:10     | Reached XP level 11. HP: 97/97 MP: 11/11
 10895 | D:10     | Found a runed translucent gate.
 10895 | D:10     | Found a runed translucent gate.
 10895 | D:10     | Found a runed translucent gate.
 10918 | D:10     | Paralysed by a hornet for 3 turns
 10926 | D:10     | Noticed Gastronok
 10928 | D:10     | Reached skill level 12 in Armour
 11085 | D:10     | Killed Gastronok
 11484 | D:10     | Noticed Sapher's ghost (amateur SpDe)
 11576 | D:7      | Bought a scroll labelled ECHOUG LOHEAPHO for 28 gold pieces
 11895 | D:11     | Reached **** piety under Trog
 11983 | D:11     | Found a staircase to the Orcish Mines.
 12065 | D:11     | Reached skill level 10 in Fighting
 12107 | D:11     | Reached skill level 10 in Maces & Flails
 12845 | D:11     | Found a staircase to the Lair.
 13020 | D:11     | Noticed a white ugly thing
 13037 | D:11     | Killed a white ugly thing
 13038 | D:11     | Reached skill level 13 in Armour
 13147 | D:11     | Noticed a boulder beetle
 13158 | D:11     | Killed a boulder beetle
 13490 | D:11     | Noticed a two-headed ogre
 13501 | D:11     | Killed a two-headed ogre
 13823 | D:12     | Reached skill level 1 in Shields
 13980 | D:12     | Noticed an occultist
 14024 | D:12     | Noticed an arcanist
 14044 | D:12     | Killed an arcanist
 14098 | D:12     | Noticed an occultist
 14098 | D:12     | Noticed a purple ugly thing
 14122 | D:12     | Killed a purple ugly thing
 14123 | D:12     | Reached XP level 12. HP: 99/108 MP: 12/12
 14213 | D:12     | Identified the +1 leather armour of Peek-a-Boo {Regen+ MP+9
                  | Int+3}
 14676 | Abyss:2  | Cast into level 2 of the Abyss (an occultist)
 14688 | Abyss:2  | Noticed a yellow draconian
 14708 | Abyss:2  | Killed a yellow draconian
 14709 | Abyss:2  | Reached skill level 14 in Armour
 14728 | D:12     | Escaped the Abyss
 14761 | Abyss:2  | Cast into level 2 of the Abyss (an occultist)
 14764 | Abyss:2  | Found a corrupted altar of Lugonu.
 14790 | Abyss:2  | Killed from afar by a wretched star

Illustrated notes

Levels and vault maps discovered:
D:1:      dpeg_arrival_leaves_temple_mockup, layout_basic
D:2:      kb_forest_paths, layout_basic, serial_shops,
          nicolae_shop_back_alley_shop, uniq_natasha
D:3:      layout_basic, mainiacjoe_overflow_chevrons, minmay_misc_feat_doors,
          minmay_close_crescents
D:4:      layout_basic, minitemple, serial_shops, nicolae_shop_rolled_up,
          uniq_menkaure
D:5:      layout_basic, chequers_temple_overflow_statue_of_worship,
          minmay_temple_entry_antechambers, serial_shops, shop,
          grunt_decor_fettered, lexackson_kobold_supper
D:6:      minmay_recursive_quarters, layout_layer_cave
D:7:      layout_loops_ring, mainiacjoe_overflow_cross_hatched, serial_shops,
          nicolae_take_the_stairs, enter_bailey_3, uniq_crazy_yiuf_cottage,
          uniq_prince_ribbit1, uniq_pikel
D:8:      layout_rooms, hellmonk_okawaru_the_only_friend_you_need
D:9:      layout_cave_pools
D:10:     layout_irregular_city, gammafunk_ghost_icy, uniq_gastronok
D:11:     layout_stronghold, minmay_lair_entry_grove, orc_0_dummy,
          hangedman_tell_no_tales
D:12:     minmay_tri_stars, layout_loops_ring
Abyss:2:  base: Temple, base: Temple, evilmike_abyss_exit_glass, minivault_26

Skill      XL: |  1  2  3  4  5  6  7  8  9 10 11 12 |
---------------+-------------------------------------+-----
Maces & Flails | 3 4 5 6 8 9 10 11 | 11.2
Fighting       | 3 4 5 6 8 9 10 11 | 11.4
Armour         | 3 4 5 6 8 10 11 13 14 | 14.2
Shields        | 1 4 |  4.3
Dodging        | |  1.3

Action                     |  1- 3 |  4- 6 |  7- 9 | 10-12 || total
---------------------------+-------+-------+-------+-------++-------
  Melee: Mace              |   103 |   182 |    17 |       ||   302
         Tailslap          |     9 |    22 |    45 |    72 ||   148
         Punch             |     3 |       |     1 |     7 ||    11
         Morningstar       |       |       |   389 |   539 ||   928
  Throw: Stone             |       |       |       |     5 ||     5
 Invoke: Berserk           |     1 |     4 |     8 |    15 ||    28
         Trog's Hand       |       |     2 |     8 |    11 ||    21
  Evoke: Wand              |       |       |       |     3 ||     3
    Use: Potion            |       |     1 |       |     3 ||     4
         Scroll            |       |       |    18 |     4 ||    22
   Stab: Sleeping          |     1 |       |       |       ||     1
 Armour: Animal skin       |    60 |       |       |       ||    60
         Chain mail        |    14 |   167 |   414 |   557 ||  1152
  Dodge: Dodged            |    38 |    62 |   135 |   156 ||   391
  Block: Kite shield       |       |       |       |    28 ||    28

Table legend: (Time is in decaauts)
 A = Elapsed time spent in this place.
 B = Non-inter-level travel time spent in this place.
 C = Inter-level travel time spent in this place.
 D = Time resting spent in this place.
 E = Time spent auto-exploring this place.
 F = Levels seen in this place.
 G = Mean time per level.
                   A        B        C        D        E       F      G
               +--------+--------+--------+--------+--------+-----+--------+
         Total |  15193 |  14089 |   1104 |   1753 |   9476 |  15 | 1012.9 |
       Dungeon |  15081 |  13977 |   1104 |   1753 |   9476 |  12 | 1256.8 |
         Abyss |    111 |    111 |      0 |      0 |      0 |   3 |   37.0 |
               +--------+--------+--------+--------+--------+-----+--------+

Top non-repeatable levels by time:
    D:11: 2018 daAuts
     D:6: 1770 daAuts
     D:7: 1470 daAuts
     D:5: 1328 daAuts
     D:2: 1177 daAuts
     D:9: 1154 daAuts
    D:10: 1079 daAuts
     D:4: 1053 daAuts
     D:3: 1049 daAuts
    D:12: 1013 daAuts
     D:1: 1010 daAuts
     D:8: 956 daAuts
 Abyss:2: 75 daAuts
 Abyss:1: 35 daAuts
